Map: Lightshade LE

Players

Marc

  • Race: Terran Terran
  • League: Diamond

badplayer - Winner!

  • Race: Terran Terran
  • League: Diamond

VOD

Have the link to the VOD?

Description

Time

  • Played on: April 24, 2021, 4:49 a.m.
  • Length: 36:27
Show
View Real Time Build Order
Export as new Build Order

Marc Terran 

Build Orders: Liberator Opening 

Get SALT Encoding   

  12  0:10  Supply Depot  
  12  0:19  Refinery  
  12  0:37  Barracks  
  12  0:44  SCV  
  13  0:56  SCV  
  14  1:08  SCV  
  15  1:24  Marine  
  16  1:28  Factory  
  16  1:43  Barracks Tech Lab  
  16  1:52  Orbital Command  
  16  1:59  Refinery  
  15  2:20  Siege Tank  
  17  2:26  Marine  
  18  2:31  SCV  
  19  2:44  Marine  
  20  2:54  Starport  
  20  2:56  Widow Mine  
  22  3:03  Marine  
  21  3:16  SCV  
  22  3:23  Supply Depot  
  23  3:27  Widow Mine  
  21  3:45  Liberator  
  24  3:49  Engineering Bay  
  24  4:40  Command Center  
  24  4:52  Viking  
  24  4:57  Widow Mine  
  26  5:05  SCV  
  27  5:17  SCV  
  28  5:24  Widow Mine  
  25  5:45  Widow Mine  
  29  5:51  SCV  
  29  5:54  Starport Reactor  
  29  5:55  Planetary Fortress  
  26  6:04  Missile Turret  
  21  6:22  Siege Tank  
  24  6:26  SCV  
  24  6:29  Hi-Sec Auto Tracking  
  25  6:36  SCV, Missile Turret  
  25  6:37  Viking, Liberator  
  25  6:39  Refinery  
  31  6:41  Refinery  
  31  6:46  SCV  
  32  6:49  SCV  
  33  6:56  Cyclone  
  33  6:59  SCV  
  37  7:12  Missile Turret  
  37  7:19  SCV x2  
  36  7:36  Liberator  
  35  7:42  Viking  
  37  7:50  SCV  
  38  7:56  Factory Tech Lab  
  36  7:59  SCV  
  36  8:02  SCV  
  38  8:05  Neosteel Armor  
  38  8:11  SCV  
  39  8:15  Siege Tank  
  39  8:18  Infernal Pre-Igniter  
  42  8:25  SCV x2  
  44  8:39  SCV x2  
  41  8:44  Liberator  
  41  8:45  Viking  
  41  8:59  Siege Tank  
  41  9:02  SCV x2  
  43  9:10  Armory x2  
  43  9:16  SCV  
  44  9:21  SCV  
  45  9:29  Supply Depot  
  45  9:44  Command Center  
  45  9:51  Viking, Liberator  
  50  9:59  SCV x2  
  44  10:16  Command Center  
  44  10:19  Terran Ship Weapons Level 1, Command Center  
  44  10:20  Terran Vehicle And Ship Armor Level 1  
  43  10:31  Viking  
  45  10:40  Fusion Core  
  45  10:43  Starport  
  45  10:49  Barracks  
  47  11:03  SCV x2  
  49  11:10  Terran Infantry Weapons Level 1  
  49  11:15  SCV x2  
  49  11:22  Starport Tech Lab  
  49  11:42  Starport Tech Lab  
  55  11:47  Battlecruiser  
  55  12:01  Battlecruiser  
  58  12:11  Weapon Refit  
  58  12:12  Marine  
  58  12:13  Marine  
  56  12:22  Planetary Fortress  
  56  12:24  Missile Turret  
  56  12:25  Missile Turret  
  55  12:30  Marine  
  54  12:42  Missile Turret  
  54  12:44  Marine, Missile Turret  
  54  12:47  Missile Turret  
  54  12:48  Missile Turret  
  54  12:49  Missile Turret  
  46  13:11  Battlecruiser  
  42  13:28  Battlecruiser  
  42  13:31  SCV x4  
  52  13:43  SCV x4  
  52  13:47  Terran Ship Weapons Level 2  
  56  13:55  SCV x4  
  59  14:00  Refinery  
  54  14:04  Missile Turret  
  54  14:07  SCV x3  
  54  14:08  SCV  
  58  14:10  Terran Vehicle And Ship Armor Level 2, Missile Turret  
  58  14:13  Refinery  
  58  14:19  SCV x3  
  58  14:20  SCV  
  68  14:31  Battlecruiser, SCV  
  68  14:36  Missile Turret  
  63  14:50  Missile Turret  
  61  14:54  SCV x4  
  65  15:06  SCV  
  60  15:07  Viking  
  60  15:13  Barracks  
  53  15:35  Viking  
  41  16:35  Starport Reactor  
  41  16:36  Barracks  
  41  16:37  Missile Turret  
  41  16:38  Factory  
  41  16:39  Factory, SCV x2  
  42  16:43  Starport Reactor  
  41  17:04  Missile Turret  
  41  17:05  SCV  
  42  17:13  Command Center  
  42  17:14  Concussive Shells  
  44  17:15  Marauder  
  44  17:16  Missile Turret  
  44  17:23  SCV x2  
  46  17:31  Missile Turret  
  46  17:32  Marauder  
  46  17:36  Rapid Reignition System  
  47  17:37  Stimpack  
  47  17:41  Viking x3  
  47  17:42  Viking  
  55  17:49  Factory Tech Lab x2  
  55  17:57  Combat Shield  
  55  18:01  Missile Turret  
  54  18:11  Medivac  
  56  18:14  Planetary Fortress  
  56  18:17  Missile Turret  
  52  18:32  Viking x2  
  52  18:33  Viking, Advanced Ballistics  
  52  18:41  Viking  
  53  18:47  Missile Turret  
  53  18:54  SCV  
  54  18:55  Factory Tech Lab, SCV  
  54  18:56  SCV  
  54  18:57  Marauder x2  
  54  18:59  Factory Tech Lab  
  60  19:08  Missile Turret  
  55  19:27  Viking  
  57  19:33  SCV x4  
  61  19:52  Command Center, Siege Tank  
  64  19:53  Command Center  
  64  19:54  Siege Tank  
  64  19:58  SCV  
  64  19:59  SCV  
  69  20:08  SCV x2  
  69  20:11  SCV  
  72  20:17  Refinery x2  
  72  20:26  Missile Turret  
  72  20:28  Missile Turret  
  72  20:30  Thor  
  76  20:39  Marauder  
  76  20:42  Marauder  
  66  20:50  SCV x4  
  70  21:00  Marine  
  70  21:01  Missile Turret  
  70  21:02  Viking x2  
  70  21:03  Thor, Marine  
  82  21:04  Missile Turret  
  82  21:19  Viking x2  
  82  21:20  Terran Infantry Weapons Level 2  
  82  21:25  SCV x2  
  83  21:38  SCV  
  83  21:39  SCV x2  
  81  21:43  SCV x2  
  83  21:51  SCV  
  83  21:52  Marine x2  
  86  21:54  Thor, Siege Tank  
  86  21:55  Viking x2  
  99  22:11  Planetary Fortress  
  99  22:31  Refinery  
  99  22:32  Missile Turret  
  99  22:33  Missile Turret  
  82  22:51  Terran Ship Weapons Level 3  
  74  22:52  Terran Vehicle And Ship Armor Level 3  
  74  22:53  Battlecruiser  
  74  22:54  Marine  
  74  22:55  Marine x3  
  84  23:10  Battlecruiser  
  84  23:12  Marine x2  
  86  23:13  Marine x2  
  86  23:15  Command Center, Siege Tank  
  88  23:23  Thor  
  88  23:28  SCV  
  88  23:29  SCV x2  
  91  23:34  Marine x4  
  91  23:35  SCV  
  91  23:37  Terran Infantry Armor Level 1  
  96  23:46  Supply Depot  
  96  23:52  Marine x2  
  96  23:54  Marine, Missile Turret  
  99  24:04  Marine  
  99  24:07  Siege Tank  
  99  24:14  Battlecruiser  
  105  24:18  Marine x2  
  105  24:21  Planetary Fortress  
  105  24:23  SCV x3  
  96  24:32  Marine x2  
  96  24:34  Siege Tank  
  96  24:36  Marine, Missile Turret  
  96  24:37  Battlecruiser, Refinery  
  108  24:38  Missile Turret  
  108  24:39  Thor  
  108  24:43  Marine  
  115  24:50  Marine x2  
  115  24:51  SCV  
  116  24:53  SCV  
  116  24:54  Marine  
  118  25:01  Marine  
  118  25:04  Supply Depot  
  119  25:08  Refinery, Marine x2  
  119  25:11  Marine  
  122  25:18  Marine  
  110  25:26  Marine  
  97  25:32  SCV x3  
  98  25:37  SCV  
  98  25:38  SCV  
  98  25:42  Marine x3  
  101  25:43  Marine  
  101  25:44  SCV  
  93  25:58  Thor  
  93  25:59  Siege Tank  
  93  26:00  Marine x3  
  93  26:01  Marine  
  106  26:08  Planetary Fortress  
  106  26:10  SCV x3  
  97  26:17  Marine  
  97  26:18  Marine x2  
  93  26:19  Marine  
  93  26:21  Battlecruiser  
  99  26:28  SCV x2  
  99  26:29  SCV  
  96  26:35  Marine x2  
  98  26:43  Thor  
  98  26:45  Siege Tank  
  94  26:48  Refinery  
  94  26:49  Refinery  
  94  27:00  Battlecruiser  
  94  27:03  Marine x3  
  92  27:12  Refinery  
  92  27:14  Marine  
  93  27:27  Drilling Claws  
  93  27:28  Command Center  
  93  27:29  Missile Turret, Mag-Field Accelerator  
  93  27:37  SCV x2  
  95  27:48  SCV x2  
  97  27:52  Marine x3  
  97  27:53  Thor, Siege Tank  
  109  28:07  Command Center  
  109  28:08  Missile Turret  
  109  28:10  Missile Turret  
  109  28:15  Marine x4  
  90  28:45  Marine x4  
  90  28:46  Thor, Siege Tank  
  95  28:58  Refinery, Planetary Fortress  
  95  29:00  Refinery  
  95  29:02  Refinery, SCV x3  
  92  29:03  SCV, Marine  
  92  29:04  Refinery  
  94  29:14  SCV  
  94  29:15  SCV  
  91  29:26  Thor, SCV  
  91  29:28  Viking  
  91  29:29  Siege Tank  
  83  30:03  Viking  
  78  30:14  Marine x3  
  78  30:15  Marine  
  78  30:17  Thor x2  
  78  30:18  Viking  
  96  30:23  Planetary Fortress  
  96  30:32  Marine x4  
  96  30:33  Viking  
  102  30:38  Command Center  
  100  30:50  Marine x4  
  80  31:08  Marine x4  
  80  31:09  Viking  
  69  31:16  Starport Reactor  
  65  31:22  SCV  
  65  31:23  SCV x2  
  65  31:24  SCV  
  66  31:25  Marine  
  66  31:26  Marine x3  
  68  31:39  Thor  
  67  31:43  Marine x3  
  67  31:44  Marine  
  60  31:57  Planetary Fortress  
  60  32:01  Marine  
  60  32:04  Missile Turret  
  45  32:44  SCV  
Show
View Real Time Build Order
Export as new Build Order

badplayer Terran - Winner!

Build Orders:  

Get SALT Encoding   

  12  0:02  SCV  
  13  0:14  SCV  
  14  0:18  Supply Depot  
  14  0:26  SCV  
  15  0:39  SCV  
  16  0:47  Barracks, Refinery  
  16  0:51  SCV  
  17  1:05  SCV  
  17  1:08  Refinery  
  18  1:18  SCV  
  19  1:33  Reaper  
  19  1:34  Orbital Command  
  20  1:41  Supply Depot  
  20  1:54  Bunker  
  20  1:59  Factory  
  19  2:05  Marine  
  19  2:23  SCV  
  19  2:28  Marine  
  21  2:35  SCV  
  22  2:43  Factory Tech Lab  
  22  2:45  Starport, Marine  
  22  2:47  SCV  
  21  2:59  SCV  
  21  3:02  Siege Tank  
  21  3:03  Marine  
  26  3:11  SCV  
  26  3:22  Supply Depot  
  23  3:48  SCV  
  23  3:55  Supply Depot  
  23  3:56  Supply Depot  
  23  4:13  Starport Reactor  
  23  4:16  Marine, SCV  
  27  4:21  Liberator  
  27  4:24  Cyclone  
  30  4:28  SCV  
  31  4:34  Marine  
  32  4:40  SCV  
  33  4:49  Command Center  
  34  4:52  SCV  
  34  5:03  Siege Tank  
  34  5:05  SCV  
  38  5:07  Supply Depot  
  38  5:17  SCV  
  29  5:37  Marine  
  29  5:39  Cyclone  
  32  5:52  Barracks  
  32  5:54  Marine  
  32  5:55  Barracks  
  33  6:05  Orbital Command  
  24  6:33  Marine  
  24  6:36  SCV  
  26  6:42  Siege Tank  
  26  6:45  Barracks Tech Lab  
  29  6:51  SCV  
  31  6:56  Starport Reactor  
  30  7:03  SCV  
  30  7:04  Stimpack  
  31  7:15  SCV  
  31  7:28  Orbital Command  
  29  7:30  Marine x3  
  29  7:32  Siege Tank  
  35  7:37  Command Center  
  35  7:39  Engineering Bay  
  35  7:48  Marine  
  36  7:51  Orbital Command, SCV  
  36  7:53  Viking  
  39  8:05  Cyclone  
  42  8:08  SCV  
  42  8:10  Marine x3  
  46  8:22  SCV  
  46  8:23  Refinery  
  46  8:24  Refinery  
  47  8:27  Marine  
  47  8:28  Marine x2  
  45  8:41  SCV  
  45  8:42  SCV  
  45  8:44  Viking x2  
  45  8:45  Marine  
  52  8:54  SCV  
  48  9:01  SCV  
  47  9:06  SCV  
  48  9:11  Marine  
  48  9:12  Marine  
  48  9:13  Siege Tank, SCV, Marine  
  55  9:18  SCV  
  56  9:25  SCV  
  56  9:26  Viking x2  
  56  9:29  Marine x2  
  56  9:30  SCV  
  64  9:37  SCV  
  64  9:42  SCV  
  64  9:46  Bunker  
  64  9:49  SCV  
  65  9:59  Marine x2  
  63  10:00  Siege Tank, Marine  
  63  10:01  Viking x2  
  73  10:10  SCV  
  73  10:11  SCV  
  75  10:16  Terran Infantry Weapons Level 1  
  75  10:19  Marine  
  75  10:20  Barracks Reactor  
  76  10:23  SCV  
  77  10:29  Supply Depot  
  77  10:33  Supply Depot  
  77  10:48  Supply Depot  
  77  10:50  Supply Depot  
  77  10:51  Supply Depot, Viking, SCV x2, Marine, Siege Tank  
  84  10:59  Starport  
  84  11:03  SCV x2  
  86  11:10  Orbital Command  
  86  11:18  Marine x2  
  87  11:19  Barracks Reactor  
  87  11:20  Marine  
  87  11:23  Viking x2  
  93  11:25  SCV  
  93  11:26  SCV  
  95  11:36  Marine  
  95  11:37  SCV  
  95  11:38  SCV  
  88  11:50  Siege Tank  
  88  11:51  Marine  
  88  11:52  Marine  
  88  11:53  Marine  
  92  12:01  SCV x2  
  91  12:13  Marine x5  
  96  12:18  SCV x3  
  99  12:24  Missile Turret  
  99  12:30  SCV  
  99  12:31  Marine x2  
  99  12:32  Marine x3  
  99  12:33  SCV  
  106  12:46  Missile Turret  
  106  12:49  Marine x2  
  106  12:50  Marine x2  
  110  12:56  Marine  
  109  13:06  Marine  
  109  13:07  Marine  
  109  13:08  Marine x2  
  109  13:09  Viking  
  109  13:10  Viking x2  
  117  13:14  Marine  
  111  13:23  SCV  
  111  13:24  Marine x2, SCV  
  111  13:25  Marine x2  
  114  13:32  Marine  
  111  13:39  Viking x2  
  111  13:41  Starport Reactor  
  115  13:42  Marine x2  
  115  13:46  Starport  
  117  13:51  Marine  
  117  13:56  Marine  
  117  13:57  Marine  
  117  14:00  Marine x2  
  117  14:14  Barracks x2  
  117  14:24  Marine  
  117  14:25  Marine  
  117  14:26  Marine  
  117  14:28  Marine  
  117  14:29  Marine  
  117  14:31  Viking  
  117  14:32  Missile Turret  
  117  14:33  Missile Turret  
  117  14:34  Missile Turret x2  
  115  14:39  Siege Tank  
  115  14:42  Marine  
  115  14:43  Marine  
  115  14:44  Marine  
  112  14:45  Marine  
  112  14:46  Marine  
  108  14:54  SCV  
  108  14:55  SCV x2  
  108  15:00  Marine  
  108  15:01  Marine  
  108  15:02  Marine  
  108  15:03  Marine  
  108  15:04  Marine  
  108  15:07  SCV  
  129  15:14  Viking x3  
  111  15:20  Supply Depot, Viking, Marine x3  
  119  15:21  Marine  
  119  15:22  Marine  
  121  15:37  Marine x2  
  121  15:38  Marine  
  121  15:39  Marine  
  121  15:40  Marine  
  119  15:48  Viking x3  
  100  15:50  Viking  
  100  15:55  Marine x2  
  100  15:56  Marine  
  100  15:57  Marine  
  98  15:58  Marine  
  100  16:09  Missile Turret  
  100  16:13  Marine x3  
  100  16:14  Marine  
  100  16:15  Refinery, Marine  
  100  16:16  Refinery  
  100  16:18  Viking x2, Missile Turret  
  106  16:22  Missile Turret  
  106  16:23  SCV x2  
  110  16:31  Marine, Missile Turret  
  111  16:32  Missile Turret  
  111  16:33  SCV  
  111  16:35  SCV x2  
  114  16:45  SCV  
  115  16:50  Armory  
  115  16:51  Armory  
  115  16:59  SCV  
  116  17:03  Barracks Reactor, Marine x2  
  116  17:05  Viking, Command Center  
  116  17:06  Marine x2  
  122  17:08  Barracks Tech Lab  
  122  17:09  Barracks Tech Lab  
  122  17:27  Viking x3  
  128  17:35  Viking  
  130  17:39  Marine x4  
  130  17:40  Marine x4  
  138  17:57  Marine x3  
  141  18:02  Supply Depot  
  141  18:03  Siege Tank, Marine x2  
  141  18:05  Terran Ship Weapons Level 1  
  143  18:27  Supply Depot  
  143  18:30  Viking x3, Marine  
  143  18:31  Marine x4  
  148  18:40  Marine x2  
  150  18:42  Siege Tank  
  151  18:54  SCV  
  151  18:55  SCV x2  
  152  19:06  Marine x2  
  152  19:07  SCV x3  
  152  19:14  Siege Tank  
  146  19:19  SCV  
  146  19:20  Marine x3  
  145  19:33  Marine x4  
  145  19:34  Marine  
  146  19:57  Viking x4  
  154  20:02  Terran Vehicle And Ship Armor Level 1  
  154  20:04  SCV x2  
  156  20:11  Planetary Fortress  
  156  20:13  SCV  
  157  20:19  Refinery x2, Marine x2  
  159  20:22  Siege Tank  
  159  20:25  Combat Shield  
  159  20:27  Viking, Marine x2  
  159  20:28  Marine  
  167  20:29  Marine  
  168  20:42  Marine x2  
  158  20:43  Viking x3  
  158  20:44  SCV x2  
  158  20:45  SCV  
  164  20:53  Starport Reactor  
  164  20:56  SCV  
  164  20:57  Viking, Siege Tank  
  170  21:04  Factory  
  170  21:05  Factory  
  170  21:13  Sensor Tower  
  170  21:14  Medivac  
  170  21:16  Sensor Tower  
  170  21:17  Sensor Tower  
  170  21:18  Marine x2  
  172  21:20  Marine x3  
  172  21:22  Marine  
  172  21:23  Medivac  
  164  21:35  Marine x2  
  164  21:36  Marine x2  
  164  21:38  Marine x3  
  171  21:43  SCV  
  172  21:52  Supply Depot  
  172  21:56  Supply Depot  
  172  21:57  Terran Vehicle Weapons Level 1, Terran Ship Weapons Level 2  
  172  21:58  Supply Depot  
  172  21:59  Factory Tech Lab, Supply Depot, Command Center  
  172  22:00  Factory Tech Lab  
  172  22:04  Refinery  
  172  22:10  SCV  
  172  22:12  Medivac x2, Viking x2, SCV  
  181  22:15  Medivac  
  181  22:16  Supply Depot  
  181  22:17  Marauder x2  
  179  22:38  Marauder  
  168  22:44  Marine x3  
  168  22:45  Viking x2  
  168  22:46  Siege Tank x3  
  181  22:54  Neosteel Armor  
  177  23:11  SCV x3  
  177  23:27  SCV x2  
  175  23:29  Marine x3  
  175  23:30  Marauder x2  
  175  23:32  Viking  
  184  23:48  Refinery, SCV x2  
  186  23:49  Marine  
  186  23:50  Refinery  
  186  23:51  Marauder  
  186  23:54  Missile Turret x3  
  187  23:56  Terran Vehicle Weapons Level 2  
  187  24:13  Terran Vehicle And Ship Armor Level 2  
  187  24:16  Missile Turret  
  183  24:20  Marine x4  
  185  24:34  Terran Infantry Weapons Level 2  
  185  24:37  Siege Tank  
  185  24:38  Siege Tank x2  
  194  24:42  Planetary Fortress  
  194  24:51  Command Center  
  187  24:59  Viking x4  
  195  25:00  Marine x5  
  192  25:23  Viking x2  
  192  25:24  Marine x8  
  193  25:29  Viking  
  187  25:39  Viking x2  
  187  25:41  Marine  
  187  25:42  Marine x6  
  181  25:59  Missile Turret  
  181  26:00  Missile Turret  
  181  26:01  Missile Turret x3  
  168  26:05  Missile Turret  
  161  26:13  Marine x4  
  164  26:21  Viking x2  
  168  26:27  Orbital Command  
  164  26:53  Marine x5  
  169  26:54  Viking  
  169  26:55  Viking x3  
  173  27:14  SCV x2  
  173  27:15  SCV  
  176  27:16  SCV  
  177  27:26  SCV  
  177  27:29  Terran Ship Weapons Level 3  
  178  27:33  Sensor Tower  
  178  27:41  Viking, Sensor Tower  
  178  27:42  Viking  
  182  27:47  Sensor Tower  
  182  27:48  Refinery  
  179  28:08  Marine x2  
  179  28:09  Marine x6  
  184  28:14  Planetary Fortress  
  182  28:26  Marine x8  
  178  28:31  Viking x5  
  168  28:44  Marine x5  
  168  28:47  Marine, SCV x3  
  168  28:48  Marine  
  173  28:49  Siege Tank x2  
  173  28:50  Viking  
  173  28:58  Marine  
  173  29:02  Marine x3  
  172  29:15  Marine x3  
  172  29:16  Marauder x2  
  177  29:19  Marine  
  173  29:37  Marauder  
  174  29:42  Siege Tank x2  
  174  29:43  Siege Tank  
  178  30:22  SCV  
  178  30:23  SCV x3  
  182  30:34  SCV  
  182  30:35  SCV x3  
  186  30:46  SCV  
  186  30:47  SCV x3  
  186  30:59  SCV x2  
  182  31:06  Marine x4  
  182  31:07  Marine x4  
  182  31:08  Viking  
  182  31:09  Viking, Siege Tank  
  182  31:10  Siege Tank  
  197  31:24  Marine x3  
  200  31:30  Orbital Command  
  186  31:45  Refinery  
  186  31:46  Refinery  
  180  32:00  Marine x3  
  183  32:01  Siege Tank x3  
  186  32:20  Marine x4  
  186  32:21  Marine x4  
  194  32:33  Siege Tank  
  197  32:38  Marine x3  
  198  32:45  Marine x5  
  182  33:16  Siege Tank x2, Marine  
  182  33:17  Marine x5  
  187  33:27  Marine  
  187  33:28  Marauder  
  190  33:34  Marine x2  
  190  33:35  Refinery, Marine  
  190  33:41  Refinery  
  193  33:46  Marauder  
  193  33:48  Siege Tank  
  194  34:37  Marine x2  
  194  34:38  Marine x3  
Tags
 
Add a new tag
Caveats
  • Supply blocks, unpowered buildings, or Contaminate may cause inaccurate times.
  • Supply counts are checked every 10 seconds.